 Dungeon Crawl Stone Soup version 0.32-a0-931-g5a2cda0630 (webtiles) character file.

Game seed: 2021937589800923000

93 Aston the Poker (level 4, -1/17 (36) HPs)
             Began as a Mountain Dwarf Reaver on Apr 14, 2024.
             Incinerated by a bombardier beetle (3 damage)
             ... with a burning spray
             ... on level 3 of the Dungeon.
             The game lasted 00:06:31 (2033 turns).

Aston the Poker (Mountain Dwarf Reaver)             Turns: 2033, Time: 00:06:32

HP:   -1/17 (36)    AC:  9    Str: 16    XL:     4   Next: 36%
MP:   4/6           EV:  9    Int: 14    God:
Gold: 105           SH:  0    Dex:  8    Spells: 3/6 levels left

rFire   . . .        a - +0 spear
rCold   . . .        (no shield)
rNeg    + . .        f - +0 ring mail
rPois   .            (no helmet)
rElec   .            (no cloak)
rCorr   .            (no gloves)
SInv    .            (no boots)
Will    .....        (no amulet) Stlth
                     i - ring of positive energy
HPRegen 0.22/turn    j - +4 ring of protection
MPRegen 0.10/turn

%: no passive effects
@: on fire, glowing, extremely drained
A: runic magic, artefact enchanting
a: no special abilities


You were on level 3 of the Dungeon.
You visited 1 branch of the dungeon, and saw 3 of its levels.

You collected 105 gold pieces.

Inventory:

Hand Weapons
 a - a +0 spear (weapon)
 b - a +0 sling
Armour
 c - a +0 leather armour
 f - a +0 ring mail (worn)
Jewellery
 i - a ring of positive energy (left hand)
 j - a +4 ring of protection (right hand)
 l - an amulet of guardian spirit
Scrolls
 d - a scroll of identify {unknown}
 e - 2 scrolls of teleportation
 h - 3 scrolls of poison
 o - a scroll of silence {unknown}
 p - a scroll of blinking {unknown}
Potions
 g - a potion of cancellation {unknown}
 k - a potion of attraction {unknown}
 m - a potion of brilliance {unknown}
 n - a potion of enlightenment {unknown}


   Skills:
 - Level 2.1 Fighting
 * Level 4.9 Polearms
 - Level 1.3 Dodging
 - Level 1.7 Spellcasting
 - Level 2.6 Conjurations
 + Level 1.0 Translocations


You had 3 spell levels left.
You knew the following spells:

 Your Spells              Type           Power      Damage    Failure   Level
a - Kiss of Death         Conj/Necr      16%        2d6       16%         1
b - Momentum Strike       Conj/Tloc      12%        3d8       21%         2

Your spell library contained the following spells:

 Spells                   Type           Power      Damage    Failure   Level
 Hailstorm                Conj/Ice       4%         3d5       43%         3


Dungeon Overview and Level Annotations

Branches:
Dungeon (3/15)

Altars:

Shops:
D:2 (=


Innate Abilities, Weirdness & Mutations

Your spellcasting is much less encumbered by armour.
You can use scrolls of enchantment on lesser artefacts.


Message History

The bombardier beetle sprays incendiary fluid at you.
The burning spray hits you.
You are covered in liquid fire!
You hit the bombardier beetle.
The bombardier beetle is almost dead.
The liquid fire burns you!
You closely miss the bombardier beetle.
The bombardier beetle is almost dead.
The liquid fire burns you!
The bombardier beetle bites you but does no damage.
You barely miss the bombardier beetle.
The bombardier beetle is almost dead.
The liquid fire burns you!
You hit the bombardier beetle but do no damage.
The bombardier beetle is almost dead.
The liquid fire burns you! The bombardier beetle bites you.
You barely miss the bombardier beetle.
The bombardier beetle is almost dead.
The liquid fire burns you!
You hit the bombardier beetle but do no damage.
The bombardier beetle is almost dead.
The liquid fire burns you! The bombardier beetle bites you.
* * * LOW HITPOINT WARNING * * *
You closely miss the bombardier beetle.
The bombardier beetle is almost dead.
The liquid fire burns you!
* * * LOW HITPOINT WARNING * * *
Casting: Kiss of Death (safe; 16% risk of failure)
Confirm with . or Enter, or press ? or * to list all spells.
Aiming: Kiss of Death (safe; 16% risk of failure)
Press: ? - help, Shift-Dir - straight line, f/p - bombardier beetle
Aim: a bombardier beetle (almost dead, heavily drained, 100% to hit)
The fragment of death hits the bombardier beetle!
The bombardier beetle is drained!
You kill the bombardier beetle!
You feel drained. The liquid fire burns you!
You die...

.. #.......... ...
###.........
.......####.'......# ##^
..........#.#......# ...
....... #...###....#....
.......##..####....#....
.......#.....##....^... ...^
......>.B.....+....#.......#
..BP..!##.##.##@...# ......#
P♣.........†....# ....
..~~B♣.##.##.#####.####^####
...~~♣....##.# #...........
. ♣♣......# ###(.#.#.##.#
♣##.#..# #......#....#
#.#..# #.##.......#
#.#..####...#......###
..#.....###..........#


There were no monsters in sight!

Vanquished Creatures
  A bombardier beetle (D:3)
  2 adders (D:2)
  2 dart slugs
  3 orcs
  3 ball pythons (D:1)
  8 bats
  9 endoplasms
  2 giant cockroaches
  7 goblins
  5 hobgoblins
  7 kobolds
  5 quokkas
  4 frilled lizards
  4 rats
62 creatures vanquished.

Notes
Turn   | Place    | Note
-------+----------+-------------------------------------------
     0 | D:1      | Aston the Mountain Dwarf Reaver began the quest for the
                  | Orb.
     0 | D:1      | Reached XP level 1. HP: 17/17 MP: 3/3
   151 | D:1      | Reached XP level 2. HP: 22/24 MP: 4/4
   380 | D:1      | Reached skill level 4 in Polearms
   512 | D:1      | Reached XP level 3. HP: 29/29 MP: 5/5
   751 | D:1      | Learned a level 2 spell: Momentum Strike
   855 | D:2      | Found Tyqekil's Jewellery Emporium.
   861 | D:2      | Found Uriclata's Antique Weapon Shop.
  1263 | D:2      | Reached XP level 4. HP: 25/28 MP: 4/6
  1587 | D:3      | Reached skill level 1 in Translocations
  2033 | D:3      | Incinerated by a bombardier beetle

Illustrated notes

Levels and vault maps discovered:
D:1:      tarquinn_simple_flora_water_b, layout_rooms, kennysheep_nondescript,
          minivault_11, dreamdust_princess_corridor
D:2:      layout_rooms, serial_shops, shop, shop
D:3:      layout_basic, lemuel_tele_altar, serial_park_tiny_2,
          grunt_ministairs_6, palyth_stone_intersect,
          hangedman_abyss_or_decor_stabs, serial_bayou_ford_a

Skill      XL: |  1  2  3  4 |
---------------+-------------+-----
Polearms       | 4 |  4.9
Translocations | 1 |  1.0
Fighting       | |  2.1
Dodging        | |  1.3
Spellcasting   | |  1.7
Conjurations   | |  2.6

Action                     |  1- 3 |  4- 6 || total
---------------------------+-------+-------++-------
  Melee: Spear             |   175 |    58 ||   233
   Fire: Sling             |    18 |       ||    18
   Cast: Kiss of Death     |     3 |     2 ||     5
    Use: Scroll            |       |     2 ||     2
 Armour: Leather armour    |    12 |       ||    12
         Ring mail         |    78 |    35 ||   113
  Dodge: Dodged            |    69 |    23 ||    92

Table legend: (Time is in decaauts)
 A = Elapsed time spent in this place.
 B = Non-inter-level travel time spent in this place.
 C = Inter-level travel time spent in this place.
 D = Time resting spent in this place.
 E = Time spent auto-exploring this place.
 F = Levels seen in this place.
 G = Mean time per level.
                   A        B        C        D        E       F      G
               +--------+--------+--------+--------+--------+-----+--------+
         Total |   2011 |   1947 |     64 |    501 |    758 |   3 |  670.3 |
       Dungeon |   2011 |   1947 |     64 |    501 |    758 |   3 |  670.3 |
               +--------+--------+--------+--------+--------+-----+--------+

Top non-repeatable levels by time:
     D:1: 785 daAuts
     D:2: 710 daAuts
     D:3: 515 daAuts
